 Dungeon Crawl Stone Soup version 0.30-a0-711-gf4ac18a38d (webtiles) character file.

Game seed: 7572639819547611675

180 quinnr the Gusty (level 5, 0/42 HPs)
             Began as a Naga Air Elementalist on Jan 22, 2023.
             Slain by an ogre
             ... wielding a +0 giant spiked club
              (16 damage)
             ... on level 3 of the Dungeon.
             The game lasted 00:09:03 (3795 turns).

quinnr the Gusty (Naga Air Elementalist)            Turns: 3795, Time: 00:09:04

Health: 0/42       AC:  4    Str: 11    XL:     5   Next: 60%
Magic:  5/8        EV:  9    Int: 17    God:
Gold:   105        SH:  0    Dex: 11    Spells: 2/8 levels left

rFire   . . .      SeeInvis +    (no weapon)
rCold   . . .      Faith    .    (no shield)
rNeg    . . .      Spirit   .    a - +0 robe
rPois   +          Reflect  .    (no helmet)
rElec   .          Harm     .    (no cloak)
rCorr   .          Rampage  .    l - +1 pair of gloves
Will    .....                    (no barding)
Stlth   ++                       (no amulet)
HPRegen 0.27/turn                (no ring)
MPRegen 0.11/turn                (no ring)

@: very slow
A: AC +1, large, see invisible, deformed body, poison resistance, slowness 2,
spit poison 1, naga tail 1
a: Spit Poison


You were on level 3 of the Dungeon.
You visited 1 branch of the dungeon, and saw 4 of its levels.

You collected 105 gold pieces.


Innate Abilities, Weirdness & Mutations

Your serpentine skin is tough. (AC +1)
You have supernaturally acute eyesight. (SInv)
Armour fits poorly on your strangely shaped body.
Your system is resistant to poisons. (rPois)
You cover ground very slowly.
You can spit poison.
You have a snake-like lower body.


   Skills:
 - Level 1.5 Dodging
 - Level 3.0 Stealth
 - Level 2.0 Spellcasting
 + Level 2.5 Conjurations
 + Level 5.0 Air Magic
 + Level 2.9 Poison Magic


You had 2 spell levels left.
You knew the following spells:

 Your Spells              Type           Power      Damage    Failure   Level
m - Mephitic Cloud        Conj/Pois/Air  13%        N/A       14%         3
t - Static Discharge      Conj/Air       28%        2-4/arc   6%          2
z - Shock                 Conj/Air       56%        1d6       4%          1

Your spell library contained the following spells:

 Spells                   Type           Power      Damage    Failure   Level
 Magic Dart               Conj           40%        1d5       7%          1
 Call Imp                 Summ           1%         N/A       28%         2
 Swiftness                Air            18%        N/A       8%          3
 Airstrike                Air            9%         2d(2-18)  24%         4

Inventory:

Armour
 a - a +0 robe (worn)
 l - a +1 pair of gloves (worn)
Wands
 o - a wand of roots (12)
Scrolls
 d - a scroll of enchant armour {unknown}
 f - 2 scrolls of poison {unknown}
 p - 2 scrolls of identify {unknown}
Potions
 b - a potion of magic
 c - a potion of mutation {unknown}
 e - a potion of invisibility {unknown}
 g - a potion of ambrosia {unknown}
 h - 3 potions of attraction {unknown}
 i - a potion of lignification {unknown}
 j - a potion of curing {unknown}
 k - a potion of might {unknown}
 m - a potion of heal wounds {unknown}
 n - a potion of cancellation {unknown}

Dungeon Overview and Level Annotations

Branches:
Dungeon (4/15)
 Temple: D:4-7

Altars:
Dithmenos
Fedhas
Ru

Shops:
D:3

[ #...# #...## ##.###.....# ##.##
###..# #..# #.....# ##...## ##.#
#.## #.....# #.....# #.# #.#
####.## ##...## #.### #.# #<#.#
####.....######..# #.# #.#.###
##.#.......#.####.###.#####......
#.............#.#.○>.[...##......
........(.......@O.......##......
#.............#.##.......##......
##.#.......#.#####.......##....).
####.....#### #...............
##...## ##.#####.##..... #.....#
##.#####.###.### ##..(##
#..#...#..##.# #### ##.##
#####.........##.# ...# #...#
###.............##.#


You could see an ogre.


Message History

The ogre is engulfed in noxious fumes.
You are out of magic!
The ogre is engulfed in noxious fumes.
The ogre appears confused.
There is a stone staircase leading up here.
You climb upwards.
There is a stone staircase leading down here.
You start resting.
Magic restored.
You climb downwards.
An endoplasm comes into view.
There is a stone staircase leading up here.
The zap hits the endoplasm.
The endoplasm is almost dead.
The endoplasm quivers.
The ogre barely misses you.
You climb upwards.
There is a stone staircase leading down here.
The ogre attacks as you move away!
The ogre hits you with a +0 giant spiked club!!
Ouch! That really hurt!
* * * LOW HITPOINT WARNING * * *
Casting: Shock (safe; 4% risk of failure)
Confirm with . or Enter, or press ? or * to list all spells.
Aiming: Mephitic Cloud (dangerous; 14% risk of failure)
Press: ? - help, Shift-Dir - straight line The ball explodes into a vile cloud!
The stinking cloud engulfs the ogre but does no damage.
The ogre is heavily wounded.
The ogre hits you with a +0 giant spiked club!
You die...

Skill      XL: |  1  2  3  4  5 |
---------------+----------------+-----
Air Magic      | 4 5 |  5.0
Poison Magic   | 1 2 |  2.9
Conjurations   | 2 |  2.5
Dodging        | |  1.5
Stealth        | |  3.0
Spellcasting   | |  2.0

Action                     |  1- 3 |  4- 6 || total
---------------------------+-------+-------++-------
  Melee: Unarmed           |    12 |    14 ||    26
   Cast: Shock             |    65 |    58 ||   123
         Mephitic Cloud    |     1 |     4 ||     5
         Static Discharge  |       |     3 ||     3
Ability: Spit Poison       |       |     3 ||     3
   Stab: Confused          |       |     1 ||     1
 Armour: Robe              |    10 |     8 ||    18
  Dodge: Dodged            |    19 |    17 ||    36

Levels and vault maps discovered:
D:1:      dpeg_arrival_more_subterranean_lakeside_camping, layout_loops_ring,
          hellmonk_ecumenical_altar_the_god_not_taken, st_stairs_5,
          minivault_11, nicolae_figureground_pulse
D:2:      layout_basic, kennysheep_generic_room_12
D:3:      layout_basic, marbit_many_paths, grunt_temple_overflow_open,
          serial_shops, nicolae_shop_crystal, nicolae_figureground_sparkle
D:4:      layout_rooms, mainiacjoe_overflow_small_starburst, minmay_circle_x

Notes
Turn   | Place    | Note
-------+----------+-------------------------------------------
     0 | D:1      | quinnr the Naga Air Elementalist began the quest for the
                  | Orb.
     0 | D:1      | Reached XP level 1. HP: 15/15 MP: 3/3
     0 | D:1      | Upgraded the game from 0.30-a0-702-gdf48620a09 to
                  | 0.30-a0-711-gf4ac18a38d
   357 | D:1      | Reached XP level 2. HP: 12/22 MP: 0/5
   938 | D:1      | Found a faded altar of an unknown god.
   954 | D:1      | Found a faded altar of an unknown god.
  1337 | D:1      | Reached skill level 4 in Air Magic
  1337 | D:1      | Reached XP level 3. HP: 13/28 MP: 0/6
  1827 | D:2      | Learned a level 3 spell: Mephitic Cloud
  2029 | D:2      | Reached skill level 1 in Poison Magic
  2270 | D:2      | Reached XP level 4. HP: 36/36 MP: 1/7
  2542 | D:3      | Found a blossoming altar of Fedhas.
  2546 | D:3      | Found a shadowy altar of Dithmenos.
  2595 | D:3      | Learned a level 2 spell: Static Discharge
  2846 | D:3      | Reached skill level 2 in Poison Magic
  2992 | D:3      | Reached skill level 2 in Conjurations
  3008 | D:3      | Reached XP level 5. HP: 37/42 MP: 0/8
  3315 | D:3      | Found a sacrificial altar of Ru.
  3425 | D:3      | Found Pudegril's Antique Armour Shop.
  3517 | D:3      | Reached skill level 5 in Air Magic
  3712 | D:4      | Noticed an ogre
  3795 | D:3      | Slain by an ogre

Vanquished Creatures
  2 orc wizards (D:3)
  8 adders
  A worm (D:3)
  3 dart slugs
  4 orcs (D:3)
  2 bats
  4 endoplasms
  3 hobgoblins
  4 kobolds
  A quokka (D:2)
  7 ball pythons
  A frilled lizard (D:1)
  3 goblins (D:1)
  10 rats
53 creatures vanquished.

Table legend: (Time is in decaauts)
 A = Elapsed time spent in this place.
 B = Non-inter-level travel time spent in this place.
 C = Inter-level travel time spent in this place.
 D = Time resting spent in this place.
 E = Time spent auto-exploring this place.
 F = Levels seen in this place.
 G = Mean time per level.
                   A        B        C        D        E       F      G
               +--------+--------+--------+--------+--------+-----+--------+
         Total |   4669 |   4546 |    123 |    165 |   3868 |   4 | 1167.2 |
       Dungeon |   4669 |   4546 |    123 |    165 |   3868 |   4 | 1167.2 |
               +--------+--------+--------+--------+--------+-----+--------+

Top non-repeatable levels by time:
     D:1: 1760 daAuts
     D:3: 1574 daAuts
     D:2: 1317 daAuts
     D:4: 17 daAuts

Table legend:
 A = Non-vault XP
 B = Vault XP
 C = Vault XP percentage of total XP
 D = Non-vault monster count
 E = Vault monster count
 F = Vault count percentage of total count
                 A         B        C        D         E       F
            +---------+---------+-------+---------+---------+-------
      Total |     240 |      18 |   7.0 |      50 |       3 |   5.7
            +---------+---------+-------+---------+---------+-------
        D:1 |      35 |       5 |  12.5 |      16 |       2 |  11.1
        D:2 |      56 |       0 |   0.0 |      12 |       0 |   0.0
        D:3 |     149 |      13 |   8.0 |      22 |       1 |   4.3
            +---------+---------+-------+---------+---------+-------
